 Dungeon Crawl Stone Soup version 0.20-a0-509-ga2a529b (webtiles) character file.

38 M4edhros the Sneak (level 3, -1/34 HPs)
             Began as an Octopode Artificer on Jan 22, 2017.
             Slain by a hobgoblin (5 damage)
             ... on level 3 of the Dungeon.
             The game lasted 00:01:16 (578 turns).

M4edhros the Sneak (Octopode Artificer)              Turns: 578, Time: 00:01:16

Health: -1/34      AC:  1    Str: 13 (16) XL:     3   Next: 43%
Magic:  5/5        EV: 13    Int: 12 (13) God:
Gold:   18         SH:  0    Dex: 10 (13) Spells: 2/2 levels left

rFire    . . .     SeeInvis .   a - +0 short sword
rCold    . . .     Gourm    .   (no shield)
rNeg     . . .     Faith    .   (helmet restricted)
rPois    .         Spirit   .   e - amulet of magic regeneration
rElec    .         Reflect  .   (no ring)
rCorr    .         Harm     .   (no ring)
MR       .....                  (no ring)
Stlth    ..........             (no ring)
Regen    0.2/turn               (no ring)
                                (no ring)
                                (no ring)
                                (no ring)

@: berserking, very quick
A: almost no armour, stealthy swim, amphibious, 8 rings, constrict 8, camouflage
1, gelatinous body 1
a: no special abilities


You were on level 3 of the Dungeon.
You were not hungry.

You visited 1 branch of the dungeon, and saw 3 of its levels.

You collected 18 gold pieces.

Inventory:

Hand Weapons
 a - a +0 short sword (weapon)
Missiles
 n - 2 stones (quivered)
Jewellery
 e - an amulet of magic regeneration (around mantle)
Wands
 b - a wand of flame (15/48)
 c - a wand of enslavement (12/24)
 d - a wand of random effects (15/48)
Scrolls
 h - a scroll of remove curse {unknown}
 j - a scroll of fog {unknown}
 k - a scroll of identify {unknown}
 l - 3 scrolls of fear {unknown}
 m - a scroll of immolation {unknown}
Comestibles
 f - 2 bread rations


   Skills:
 - Level 1.0 Fighting
 - Level 1.0 Short Blades
 - Level 2.0 Dodging
 + Level 4.7 Stealth
 - Level 3.2 Evocations


You had 2 spell levels left.
You didn't know any spells.

Dungeon Overview and Level Annotations

Branches:
Dungeon (3/15)

Altars:

Annotations:
D:3 Sigmund


Innate Abilities, Weirdness & Mutations

You cannot wear most types of armour.
You are very stealthy in the water. (Stealth+)
You are amphibious.
You can wear up to eight rings at the same time.
You can use your tentacles to constrict eight enemies at once.
Your skin changes colour to match your surroundings (Stealth+).
Your rubbery body absorbs attacks. (AC +1, EV +1)


Message History

Your orc wizard looks braver for a moment.
Your orc hits the orc with a trident.
The orc resists with significant effort.
Sigmund the Dreaded comes into view.
He is wielding a scythe.
It was a potion of degeneration.
There was something very wrong with that liquid.
You feel weakened.
You feel dopey.
You feel clumsy.
The hobgoblin closely misses your orc wizard.
It was a potion of berserk rage.
A red film seems to cover your vision as you go berserk!
You feel yourself moving faster!
You feel mighty!
The hobgoblin barely misses your orc wizard.
You hit the orc.
You kill the orc!
The hobgoblin barely misses your orc wizard.
Your orc wizard hits the hobgoblin with a dagger.
Sigmund casts a spell at you.
Your orc wizard resists with some effort.
The hobgoblin hits you.
You die...

.........†....#
#######.......#
##)......#
#.....##.#
#####@.........
#...............
#o###..........#
#.#.oo........
##.#g@...######
#..o.#####
#.....###
#######


You could see Sigmund, a hobgoblin, 2 friendly orc wizards and a friendly orc.

Vanquished Creatures
  An adder (D:2)
  A leopard gecko (D:1)
  An orc (D:3)
  2 giant cockroaches
  3 goblins (D:2)
  5 hobgoblins
  A quokka (D:2)
  A ball python (D:1)
  A bat (D:2)
  2 frilled lizards
  2 kobolds (D:2)
  2 rats
22 creatures vanquished.

Vanquished Creatures (collateral kills)
  An orc (D:3)
  A bat (D:3)
  A goblin (D:3)
  A hobgoblin (D:3)
4 creatures vanquished.

Grand Total: 26 creatures vanquished

Notes
Turn   | Place    | Note
-------+----------+-------------------------------------------
     0 | D:1      | M4edhros the Octopode Artificer began the quest for the Orb.
     0 | D:1      | Reached XP level 1. HP: 13/13 MP: 3/3
    29 | D:1      | Reached skill level 2 in Stealth
    80 | D:2      | Reached skill level 3 in Stealth
    80 | D:2      | Reached XP level 2. HP: 5/18 MP: 4/4
   218 | D:2      | Reached skill level 4 in Stealth
   252 | D:2      | Reached XP level 3. HP: 18/23 MP: 5/5
   575 | D:3      | Noticed Sigmund
   578 | D:3      | Slain by a hobgoblin

Vault maps used:
D:1:      minmay_arrival_stone_box
D:2:      first_bread, uniq_jessica
D:3:      grunt_temple_overflow_open, lemuel_old_faithful, uniq_sigmund

Skill      XL: |  1  2 |
---------------+-------+-----
Stealth        | 3 4 |  4.7
Fighting       | |  1.0
Short Blades   | |  1.0
Dodging        | |  2.0
Evocations     | |  3.2

Action                   || total
-------------------------++-------
Melee: Short sword       ||    70
       Constrict         ||    12
       Tentacles         ||     8
Evoke: Wand              ||     3
  Use: Potion            ||     4
 Stab: Sleeping          ||     1
       Distracted        ||     1
Armor: Skin              ||    40
Dodge: Dodged            ||    44
